 Dungeon Crawl Stone Soup version 0.29-a0-559-g359e09b9d1 (webtiles) character file.

Game seed: 483062628515331491

5 Bruhh the Skirmisher (level 1, -1/14 HPs)
             Began as a Gargoyle Fighter on June 10, 2022.
             Slain by a ball python (2 damage)
             ... on level 1 of the Dungeon.
             The game lasted 00:00:18 (233 turns).

Bruhh the Skirmisher (Gargoyle Fighter)              Turns: 233, Time: 00:00:18

Health: -1/14      AC:  9    Str: 19    XL:     1   Next: 80%
Magic:  1/1        EV:  6    Int:  8    God:
Gold:   0          SH:  4    Dex:  9    Spells: 0/0 levels left

rFire   . . .      SeeInvis .   a - +0 war axe
rCold   . . .      Faith    .   c - +0 buckler
rNeg    + . .      Spirit   .   b - +0 scale mail
rPois   ∞          Reflect  .   (no helmet)
rElec   +          Harm     .   (no cloak)
rCorr   .          Rampage  .   (no gloves)
Will    .....                   (no boots)
Stlth   ..........              (no amulet)
HPRegen 0.04/turn               (no ring)
MPRegen 0.07/turn               (no ring)

@: constricted
A: sickness immunity, AC +2, negative energy resistance 1, electricity
resistance, torment resistance 1, petrification resistance
a: no special abilities


You were on level 1 of the Dungeon.
You visited 1 branch of the dungeon, and saw 1 of its levels.

Inventory:

Hand Weapons
 a - a +0 war axe (weapon)
Armour
 b - a +0 scale mail (worn)
 c - a +0 buckler (worn)
Scrolls
 e - a scroll of immolation {unknown}
 f - a scroll of identify {unknown}
 j - a scroll of amnesia {unknown}
Potions
 d - a potion of might
 g - a potion of curing {unknown}
 h - a potion of flight {unknown}
 i - a potion of heal wounds {unknown}


   Skills:
 + Level 3.5 Fighting
 + Level 2.0 Axes
 - Level 3.2 Armour
 - Level 3.2 Shields


You couldn't memorise any spells.
You didn't know any spells.
Your spell library was empty.

Dungeon Overview and Level Annotations

Branches:
Dungeon (1/15)

Altars:


Innate Abilities, Weirdness & Mutations

You are immune to sickness and miasma.
Your stone body is resilient. (AC +2)
You are immune to poison.
You resist negative energy. (rN+)
You are resistant to electric shocks. (rElec)
You are resistant to unholy torment.
You are immune to petrification.


Message History

The ball python bites you but does no damage.
The ball python constricts you.
You barely miss the ball python.
The ball python is heavily wounded.
The ball python bites you but does no damage.
The ball python constricts you.
The ball python bites you but does no damage.
The ball python constricts you.
You are too injured to fight recklessly!
You are too injured to fight recklessly!
You barely miss the ball python.
The ball python is heavily wounded.
The ball python bites you but does no damage.
The ball python constricts you. You block the ball python's attack.
The ball python constricts you.
You closely miss the ball python.
The ball python is heavily wounded.
The ball python closely misses you. The ball python constricts you.
You block the ball python's attack. The ball python constricts you.
You hit the ball python.
The ball python is severely wounded.
You block the ball python's attack. The ball python constricts you.
You closely miss the ball python.
The ball python is severely wounded.
The ball python bites you.
* * * LOW HITPOINT WARNING * * *
The ball python constricts you.
* * * LOW HITPOINT WARNING * * *
The ball python bites you but does no damage.
The ball python constricts you.
You barely miss the ball python.
The ball python is severely wounded.
The ball python bites you.
* * * LOW HITPOINT WARNING * * *
The ball python constricts you. You block the ball python's attack.
The ball python constricts you.
You barely miss the ball python.
The ball python is severely wounded.
The ball python bites you.
You die...

##### #... ###.#######
#.......... #
#.#.#.#.### #.
#.#.#.#.... #####.#
#.#.#.#.###
.......#######.#.#.#..
......†@.........#.#.#
......S#######.###.#.#
....=.. #.# #.#.#
....... #.# #.#.#
....... #.# .......
### ....... .......


You could see a ball python.

Vanquished Creatures
  An endoplasm (D:1)
  A hobgoblin (D:1)
  2 ball pythons (D:1)
  A frilled lizard (D:1)
  A rat (D:1)
6 creatures vanquished.

Notes
Turn   | Place    | Note
-------+----------+-------------------------------------------
     0 | D:1      | Bruhh the Gargoyle Fighter began the quest for the Orb.
     0 | D:1      | Reached XP level 1. HP: 14/14 MP: 1/1
   233 | D:1      | Slain by a ball python

Illustrated notes

Levels and vault maps discovered:
D:1:      lightli_arrival_chessboard, layout_basic,
          hellmonk_ecumenical_altar_heavens_door, minmay_fountain_box

Skill      XL: |  1 |
---------------+----+-----
Axes           | 2 |  2.0
Fighting       | |  3.5
Armour         | |  3.2
Shields        | |  3.2

Action                   || total
-------------------------++-------
Melee: War axe           ||    24
Armor: Scale mail        ||    16
Dodge: Dodged            ||     6
Block: Buckler           ||    10

Table legend: (Time is in decaauts)
 A = Elapsed time spent in this place.
 B = Non-inter-level travel time spent in this place.
 C = Inter-level travel time spent in this place.
 D = Time resting spent in this place.
 E = Time spent auto-exploring this place.
 F = Levels seen in this place.
 G = Mean time per level.
                   A        B        C        D        E       F      G
               +--------+--------+--------+--------+--------+-----+--------+
         Total |    243 |    243 |      0 |      0 |    188 |   1 |  243.0 |
       Dungeon |    243 |    243 |      0 |      0 |    188 |   1 |  243.0 |
               +--------+--------+--------+--------+--------+-----+--------+

Top non-repeatable levels by time:
     D:1: 243 daAuts
